 Dungeon Crawl Stone Soup version 0.26.1-11-gd32895ea62 (webtiles) character file.

Game seed: 11880865959540553591

20169 hawla the Destroyer (level 12, -2/77 HPs)
             Began as a Deep Elf Conjurer on May 11, 2021.
             Was a Priest of Vehumet.
             Slain by a spriggan rider
             ... wielding the +7 trident "Dizofef" {elec, *Corrode +Fly rF+ Int+4}
              (35 damage)
             ... on level 12 of the Dungeon on May 12, 2021.
             The game lasted 00:51:22 (16339 turns).

hawla the Destroyer (Deep Elf Conjurer)            Turns: 16339, Time: 00:51:23

Health: -2/77      AC:  8    Str:  4    XL:     12   Next: 43%
Magic:  28/28      EV: 14    Int: 38    God:    Vehumet [***...]
Gold:   733        SH:  0    Dex: 13    Spells: 14/32 levels left

rFire    . . .     SeeInvis .   F - +0 lajatang
rCold    . . .     Faith    .   (shield currently unavailable)
rNeg     . . .     Spirit   .   D - +2 robe of Vines {NoPotionHeal Regen+7}
rPois    +         Reflect  .   (no helmet)
rElec    .         Harm     .   u - +2 cloak
rCorr    .         Rampage  .   E - +0 pair of gloves "Buuseul" {rPois Int+3}
Will     +....     Clarity  +   (no boots)
Stlth    ++........             n - amulet of the acrobat
HPRegen  3.02/turn              r - +6 ring of intelligence
MPRegen  0.21/turn              (no ring)

@: no status effects
A: clarity, robust 1
a: Renounce Religion


You were on level 12 of the Dungeon.
You worshipped Vehumet.
Vehumet was most pleased with you.
You visited 2 branches of the dungeon, and saw 13 of its levels.

You collected 733 gold pieces.

Inventory:

Hand Weapons
 z - the +5 spear "Tuivutuz" {holy, Str+5}
   (You found it on level 7 of the Dungeon)

   It has been blessed by the Shining One to cause great damage to the undead
   and demons.
   It affects your strength (+5).
 F - a +0 lajatang (weapon)
Missiles
 c - 7 javelins
 p - 14 poisoned darts (quivered)
 q - 12 boomerangs
 v - 5 silver boomerangs
 A - 8 curare-tipped darts
Armour
 u - a +2 cloak (worn)
 D - the +2 robe of Vines (worn) {NoPotionHeal Regen+7}
   (You found it on level 10 of the Dungeon)

   It increases your rate of regeneration.
 E - the +0 pair of gloves "Buuseul" (worn) {rPois Int+3}
   (You found it on level 10 of the Dungeon)

   It affects your intelligence (+3).
   It protects you from poison.
Magical Staves
 h - an uncursed staff of death
 C - an uncursed staff of cold
Jewellery
 b - an uncursed ring of protection from cold
 n - an amulet of the acrobat (around neck)
 r - a +6 ring of intelligence (left hand)
Wands
 j - a wand of digging (14)
 o - a wand of acid (7)
 w - a wand of flame (51)
 y - a wand of iceblast (21)
 B - a wand of random effects (18)
Scrolls
 a - 4 scrolls of teleportation
 d - 5 scrolls of remove curse
 f - a scroll of amnesia {unknown}
 G - a scroll of silence {unknown}
Potions
 e - a potion of berserk rage
 g - a potion of haste
 i - 2 potions of cancellation
 k - a potion of invisibility
 l - 2 potions of flight
 m - 9 potions of curing
 s - a potion of resistance
 t - a potion of heal wounds {unknown}
 x - a potion of might


   Skills:
 - Level 6.0 Fighting
 - Level 4.0 Short Blades
 + Level 9.3 Staves
 - Level 1.0 Throwing
 - Level 4.0 Dodging
 - Level 4.0 Stealth
 - Level 1.0 Shields
 + Level 10.7 Spellcasting
 + Level 12.4 Conjurations
 - Level 5.0 Translocations
 - Level 2.0 Transmutations
 + Level 6.9 Fire Magic
 - Level 3.0 Earth Magic
 - Level 2.0 Evocations


You had 14 spell levels left.
You knew the following spells:

 Your Spells              Type           Power        Failure   Level
a - Magic Dart            Conj           100%         0%          1
b - Searing Ray           Conj           100%         0%          2
c - Iskenderun's Mystic   Conj/Tloc      72%          1%          4
d - Iskenderun's Battles  Conj           86%          1%          5
e - Apportation           Tloc           100%         1%          1
f - Bolt of Magma         Conj/Fire/Erth 33%          1%          5

Your spell library contained the following spells:

 Spells                   Type           Power        Failure   Level
 Inner Flame              Hex/Fire       46%          1%          3
 Animate Skeleton         Necr           40%          1%          1
 Corona                   Hex            22%          1%          1
 Summon Small Mammal      Summ           80%          1%          1
 Dazzling Flash           Conj/Hex       100%         1%          3
 Gell's Gravitas          Tloc           27%          1%          3
 Fulminant Prism          Conj/Hex       30%          1%          4
 Orb of Destruction       Conj           43%          2%          7
 Iron Shot                Conj/Erth      34%          3%          6
 Confusing Touch          Hex            20%          5%          3
 Petrify                  Tmut/Erth      39%          7%          4
 Yara's Violent Unravell  Hex/Tmut       14%          10%         5
 Ice Form                 Ice/Tmut       28%          12%         4
 Freezing Cloud           Conj/Ice/Air   25%          13%         6
 Spellforged Servitor     Conj/Summ      30%          30%         7
 Metabolic Englaciation   Hex/Ice        10%          45%         5
 Ozocubu's Refrigeration  Ice            10%          54%         6
 Simulacrum               Ice/Necr       10%          96%         6


Dungeon Overview and Level Annotations

Branches:
Dungeon (12/15)            Temple (1/1) D:6            Lair (0/6) D:10
    Orc (0/2) D:10

Altars:
Ashenzari
Cheibriados
Dithmenos
Elyvilon
Fedhas
Gozag
Hepliaklqana
Kikubaaqudgha
Makhleb
Nemelex Xobeh
Okawaru
Qazlal
Ru
Sif Muna
Trog
Uskayaw
Vehumet
Wu Jian
Xom
Yredelemnul
Zin
The Shining One

Annotations:
D:12 hawla's ghost, journeyman DECj


Innate Abilities, Weirdness & Mutations

You possess an exceptional clarity of mind.
You are robust. (+10% HP)


Message History

The floor.
Memorise Apportation, consuming 1 spell level and leaving 19?
You start memorising the spell.
You continue memorising.
You finish memorising.
Spell assigned to 'e'.
This spell is dangerous to cast!
Memorise Bolt of Magma, consuming 5 spell levels and leaving 14?
You start memorising the spell.
You continue memorising. x5
You finish memorising.
Spell assigned to 'f'.
You open the door.
The spriggan rider hits you from afar with a +0 spear!!
The spriggan rider hits you from afar with the +7 trident "Dizofef" {elec, *Corrode +Fly rF+ Int+4}!
You are electrocuted!
Blink to where?
Press: ? - help, Dir - move target
As you read the scroll of blinking, it crumbles to dust.
There is a stone staircase leading up here.
You see here a potion of degeneration.
The spriggan rider hits you from afar with a +0 spear!!
The spriggan rider hits you from afar with the +7 trident "Dizofef" {elec, *Corrode +Fly rF+ Int+4}!!
You die...

##..#.....#.(####'.#....#.†......
....#.....#.......W...###........
....###'###...........#..........
......................#..........
..........(.........###..........
###.................#............
#............ii...#............
#.................#######'##'##
#.............@................
#............<.................
#..............................
#...#########............######
#...# #............# # #...#
#............# # #...#
#............# # #...#
#............# # #...#
#........##### #


You could see 2 spriggan riders and hawla's ghost.

Vanquished Creatures
  A hydra (D:12)
  A boulder beetle (D:10)
  7 two-headed ogres
  A queen ant (D:10)
  An unseen horror (D:10)
  A wolf spider (D:10)
  3 ugly things
  2 cyclopes
  A centaur skeleton (D:10)
  A komodo dragon (D:10)
  A hornet (D:10)
  A slime creature (D:12)
  A vampire (D:10)
  6 yaks
  2 vampire mosquitoes (D:12)
  9 soldier ants (D:10)
  3 water moccasins
  2 phantoms
  7 orc warriors
  5 ice beasts
  6 sky beasts
  2 black bears
  4 ogres
  2 necrophages
  The ghost of Happyhead the Conjurer, an amateur DrCj (D:6)
  2 centaurs
  A big kobold (D:8)
  6 bullfrogs
  4 scorpions
  A water moccasin skeleton (D:10)
  9 killer bees
  8 wights
  10 howler monkeys
  A quasit (D:10)
  3 centaur zombies
  2 bullfrog zombies
  8 hounds
  3 jellies
  8 orc priests
  6 orc wizards
  3 iguanas
  29 worker ants
  2 hound zombies
  A hound skeleton (D:7)
  A howler monkey zombie (D:6)
  A worker ant zombie (D:8)
  10 gnolls
  A howler monkey skeleton (D:4)
  7 adders
  A river rat (D:5)
  2 shadow imps
  3 white imps
  An adder zombie (D:9)
  4 worms
  3 dart slugs
  7 leopard geckos
  25 orcs
  3 bats
  10 giant cockroaches
  12 goblins
  6 hobgoblins
  3 jackals (D:10)
  12 kobolds
  6 quokkas
  A leopard gecko skeleton (D:5)
  2 leopard gecko zombies
  5 rats
304 creatures vanquished.

Vanquished Creatures (collateral kills)
  A cyclops (D:12)
  3 yaks (D:12)
4 creatures vanquished.

Vanquished Creatures (others)
  A killer bee (D:8)
  41 plants
42 creatures vanquished.

Grand Total: 350 creatures vanquished

Notes
Turn   | Place    | Note
-------+----------+-------------------------------------------
     0 | D:1      | hawla the Deep Elf Conjurer began the quest for the Orb.
     0 | D:1      | Reached XP level 1. HP: 10/10 MP: 6/6
   423 | D:1      | Reached XP level 2. HP: 15/15 MP: 6/8
   666 | D:1      | Reached skill level 1 in Evocations
   669 | D:1      | Learned a level 2 spell: Searing Ray
   804 | D:1      | Found a sparkling altar of Nemelex Xobeh.
  1288 | D:2      | Reached XP level 3. HP: 19/19 MP: 6/9
  1344 | D:2      | Found a shimmering altar of Xom.
  1485 | D:2      | Reached skill level 1 in Staves
  1496 | D:2      | Reached XP level 4. HP: 24/24 MP: 1/11
  1501 | D:2      | Learned a level 4 spell: Iskenderun's Mystic Blast
  1593 | D:2      | Reached skill level 1 in Translocations
  1895 | D:3      | Reached skill level 1 in Throwing
  1897 | D:3      | Reached skill level 1 in Transmutations
  1954 | D:3      | Found a blossoming altar of Fedhas.
  2119 | D:3      | Reached skill level 1 in Fighting
  2151 | D:3      | You fall into a shaft and drop 2 floors!
  2151 | D:5      | Entered Level 5 of the Dungeon
  2167 | D:5      | Reached skill level 1 in Short Blades
  2167 | D:5      | Reached skill level 1 in Shields
  2167 | D:5      | Reached skill level 5 in Conjurations
  2167 | D:5      | Reached XP level 5. HP: 26/29 MP: 2/12
  2794 | D:5      | Reached XP level 6. HP: 25/34 MP: 5/14
  3594 | D:4      | Found an ancient bone altar of Kikubaaqudgha.
  4502 | D:3      | Found a burning altar of Makhleb.
  4993 | D:4      | Reached skill level 5 in Spellcasting
  4993 | D:4      | Reached XP level 7. HP: 40/40 MP: 10/16
  5458 | D:6      | Found a staircase to the Ecumenical Temple.
  5474 | Temple   | Entered the Ecumenical Temple
  5811 | D:6      | Reached skill level 6 in Conjurations
  5909 | D:6      | Found a blossoming altar of Fedhas.
  6019 | D:6      | Noticed Happyhead's ghost (amateur DrCj)
  6027 | D:6      | Found a runed translucent gate.
  6027 | D:6      | Found a runed translucent gate.
  6029 | D:6      | Found a runed translucent gate.
  6148 | D:6      | Reached XP level 8. HP: 34/44 MP: 0/19
  6290 | D:6      | Reached skill level 7 in Conjurations
  6491 | D:6      | Found a glowing golden altar of the Shining One.
  6668 | D:6      | Killed Happyhead's ghost
  6669 | D:6      | Reached skill level 8 in Conjurations
  7179 | D:7      | Found an iron altar of Okawaru.
  7567 | D:7      | Found a glowing silver altar of Zin.
  7568 | D:7      | Noticed an angel
  7706 | D:7      | Reached skill level 5 in Translocations
  7706 | D:7      | Reached XP level 9. HP: 48/50 MP: 17/21
  8166 | D:7      | Reached skill level 9 in Conjurations
  8305 | D:7      | Got a fading spear
  8305 | D:7      | Identified the +5 spear "Tuivutuz" {holy, Str+5} (You found
                  | it on level 7 of the Dungeon)
  8794 | D:8      | Found a radiant altar of Vehumet.
  8932 | D:8      | Found a shadowy altar of Dithmenos.
  8970 | D:8      | Found a sacrificial altar of Ru.
  9047 | D:8      | Became a worshipper of Vehumet
  9713 | D:9      | Noticed a two-headed ogre
  9723 | D:9      | Killed a two-headed ogre
  9724 | D:9      | Reached skill level 1 in Fire Magic
  9934 | D:9      | Reached XP level 10. HP: 57/57 MP: 12/24
 10435 | D:10     | Entered Level 10 of the Dungeon
 10468 | D:10     | Found a staircase to the Lair.
 10468 | D:10     | Noticed a two-headed ogre
 10479 | D:10     | Noticed a two-headed ogre
 10659 | D:10     | Killed a two-headed ogre
 10752 | D:10     | Found a staircase to the Orcish Mines.
 10787 | D:10     | Reached skill level 5 in Staves
 10874 | D:10     | Reached skill level 5 in Fighting
 11052 | D:10     | Reached * piety under Vehumet
 11052 | D:10     | Offered knowledge of Shock by Vehumet.
 11146 | D:10     | Killed a two-headed ogre
 11147 | D:10     | Reached skill level 10 in Conjurations
 11801 | D:10     | Reached skill level 11 in Conjurations
 11801 | D:10     | Reached XP level 11. HP: 38/63 MP: 7/26
 12002 | D:10     | Killed an unseen horror
 12473 | D:10     | Reached skill level 12 in Conjurations
 12974 | D:10     | Noticed a red ugly thing
 12978 | D:10     | Noticed a wolf spider
 12981 | D:10     | Killed a red ugly thing
 12982 | D:10     | Killed a wolf spider
 13081 | D:10     | Found the +2 robe of Vines {NoPotionHeal Regen+7}
 13121 | D:10     | Got a pair of brightly glowing gloves
 13127 | D:10     | Identified the +0 pair of gloves "Buuseul" {rPois Int+3}
                  | (You found it on level 10 of the Dungeon)
 13141 | D:10     | Learned a level 5 spell: Iskenderun's Battlesphere
 13300 | D:10     | Noticed a queen ant
 13300 | D:10     | Noticed a two-headed ogre
 13305 | D:10     | Offered knowledge of Sandblast by Vehumet.
 13306 | D:10     | Reached ** piety under Vehumet
 13310 | D:10     | Killed a two-headed ogre
 13314 | D:10     | Noticed a boulder beetle
 13385 | D:10     | Gained mutation: You possess an exceptional clarity of
                  | mind. [potion of mutation]
 13385 | D:10     | Gained mutation: You are robust. (+10% HP) [potion of
                  | mutation]
 13546 | D:10     | Killed a boulder beetle
 13855 | D:10     | Reached skill level 10 in Spellcasting
 13902 | D:10     | Killed a queen ant
 13903 | D:10     | Reached skill level 5 in Fire Magic
 14226 | D:11     | Noticed a two-headed ogre
 14231 | D:11     | Killed a two-headed ogre
 14231 | D:11     | Offered knowledge of Ignite Poison by Vehumet.
 14479 | D:11     | Reached *** piety under Vehumet
 14611 | D:11     | Reached XP level 12. HP: 77/77 MP: 19/28
 15223 | D:12     | Noticed a two-headed ogre
 15230 | D:12     | Killed a two-headed ogre
 15231 | D:12     | Reached skill level 1 in Earth Magic
 15318 | D:12     | Noticed a two-headed ogre
 15324 | D:12     | Killed a two-headed ogre
 15570 | D:12     | Noticed an eight-headed hydra
 15581 | D:12     | Killed an eight-headed hydra
 15706 | D:12     | Offered knowledge of Inner Flame by Vehumet.
 16015 | D:12     | Found a runed translucent door.
 16016 | D:12     | Identified the +7 trident "Dizofef" {elec, *Corrode +Fly
                  | rF+ Int+4}
 16016 | D:12     | Noticed hawla's ghost (journeyman DECj)
 16326 | D:12     | Learned a level 1 spell: Apportation
 16332 | D:12     | Learned a level 5 spell: Bolt of Magma
 16339 | D:12     | Slain by a spriggan rider

Illustrated notes

Levels and vault maps discovered:
D:1:      lightli_arrival_farm, layout_loops_ring, nemelex_diamond_rough_becter
D:2:      layout_rooms, lemuel_round_altar
D:3:      layout_basic, general_overflow_altar, lemuel_altar_in_water
D:4:      minmay_general_purpose_star, layout_rooms, lemuel_crystal_altar,
          minmay_starry_boxes
D:5:      layout_basic, gup_sewer_entry_bubbles
D:6:      layout_basic, fedhas_altar_2, minmay_temple_entry_hall,
          gammafunk_ghost_split, nicolae_tso_carved_into_rock
D:7:      layout_gridville, lemuel_round_altar, zin_angel
D:8:      layout_basic, hangedman_ru_absence, fiery_altar_vehumet,
          kennysheep_mini
D:9:      layout_big_octagon
D:10:     minmay_the_grid_four_pointed_star_mashed
          [minmay_the_grid_triangle_9x9_alien,
          minmay_the_grid_triangle_9x9_stretched_checkered,
          minmay_the_grid_triangle_9x9_wacky_v,
          minmay_the_grid_triangle_9x9_cache,
          minmay_the_grid_prize_shrinking_boxes], layout_loops_ring,
          david_lair_shrubbed, orc_0_dummy, zaba_antful_of_joy
D:11:     layout_basic, minmay_misc_feat_cross
D:12:     layout_irregular_city, ebering_ghost_funeral_grove,
          minmay_misc_feat_square, minmay_fractal_squares_diagonal_5
Temple:   cyrus_circular_temple

Skill      XL: |  1  2  3  4  5  6  7  8  9 10 11 12 |
---------------+-------------------------------------+-----
Evocations     | 1 2 |  2.0
Staves         | 1 4 7 8 9 |  9.3
Translocations | 1 2 4 5 |  5.0
Throwing       | 1 |  1.0
Transmutations | 1 2 |  2.0
Fighting       | 1 2 3 4 5 6 |  6.0
Short Blades   | 1 2 3 4 |  4.0
Dodging        | 3 4 |  4.0
Stealth        | 3 4 |  4.0
Shields        | 1 |  1.0
Conjurations   | 5 6 8 9 11 12 | 12.4
Spellcasting   | 4 5 6 7 8 9 10 | 10.7
Fire Magic     | 1 3 6 |  6.9
Earth Magic    | 3 |  3.0

Action                   |  1- 3 |  4- 6 |  7- 9 | 10-12 || total
-------------------------+-------+-------+-------+-------++-------
Melee: Unarmed           |     1 |       |       |       ||     1
       Dagger            |       |    10 |     3 |       ||    13
       Quarterstaff      |       |       |    51 |    82 ||   133
       Spear             |       |       |       |    18 ||    18
       Lajatang          |       |       |       |    52 ||    52
Throw: Boomerang         |       |       |       |     2 ||     2
       Dart              |       |       |       |    14 ||    14
 Cast: Magic Dart        |    40 |    30 |    23 |    32 ||   125
       Searing Ray       |    10 |    42 |    52 |    65 ||   169
       Iskenderun's Myst |       |     3 |    30 |   110 ||   143
       Iskenderun's Batt |       |       |       |    12 ||    12
  Use: Scroll            |     4 |     7 |     7 |    14 ||    32
       Potion            |       |       |       |    11 ||    11
 Stab: Sleeping          |       |       |     1 |       ||     1
       Invisible         |       |       |       |     1 ||     1
Armor: Robe              |       |     3 |    28 |    58 ||    89
       Skin              |       |       |       |    26 ||    26
Dodge: Dodged            |     1 |    21 |   104 |   201 ||   327
